[Event "Chinese League Division-A 2024"]
[Site "Fuling Chongqing"]
[Date "2024.07.03"]
[Round "7.22"]
[White "Dai, Changren"]
[Black "Kong, Xiangrui"]
[Result "1/2-1/2"]
[ECO "A11"]
[WhiteElo "2502"]
[BlackElo "2439"]
[Annotator "TA"]
[PlyCount "138"]
[EventDate "2024.06.28"]
[EventType "team-tourn"]
[EventCountry "CHN"]
[SourceTitle "playchess.com"]
[Source "ChessBase"]
[SourceQuality "1"]
[TimeControl "40/5400+30:1800+30"]

1. Nf3 Nf6 2. e3 d5 3. c4 c6 4. Qc2 e6 5. b3 Nbd7 6. Bb2 {[%emt 0:00:07] A11: English Opening: 1...c6.} b6 7. d4 Bb7 8. Bd3 Bb4+ 9. Nbd2 Rc8 10. O-O c5 $146 ({Predecessor:} 10... O-O 11. e4 dxe4 12. Nxe4 Be7 13. Nfg5 h6 14. Nf3 c5 15. dxc5 Nxc5 16. Nxf6+ Bxf6 {0-1 Janouchova,M (1250)-Rihova,K (1556) CZE-ch U16 Girls 2007 (7)}) 11. a3 Bxd2 12. Qxd2 O-O 13. Qe2 cxd4 14. exd4 Qc7 15. Rfe1 Rfd8 16. h3 Qb8 17. Qe3 dxc4 18. bxc4 Qa8 19. Nh4 Re8 20. Rac1 Qb8 21. Bf1 Nf8 22. a4 Ng6 23. Nxg6 hxg6 24. a5 bxa5 25. Ba3 Qc7 26. Bc5 Bc6 27. f3 a4 28. Rb1 Rb8 29. Qa3 Red8 30. Rxb8 Qxb8 31. Re2 (31. Qe3 $11) 31... Nh5 $17 32. Qe3 Ng3 33. Re1 Nf5 34. Qf2 Qf4 35. Rd1 a6 36. Qd2 Qg3 37. Qf2 Qf4 38. Qd2 $1 Qb8 39. Qa2 Qb3 40. Qxb3 axb3 41. Rb1 Ba4 ({Reject} 41... Nxd4 42. Bxd4 Rxd4 43. Rxb3 $15) 42. Bb6 Rd7 43. Ra1 (43. d5 $17 {was called for.}) 43... Rb7 $1 $19 44. c5 {[%emt 0:01:12] [#]} Bb5 $1 45. Bxb5 axb5 46. Rd1 Kf8 (46... Ne7 $19 47. Rb1 Nc6 (47... Nd5 48. Rxb3 b4 49. Kf2 $11) 48. Rxb3 b4 (48... Nxd4 $2 49. Rb1 $17)) 47. d5 $17 exd5 48. Rd3 b2 (48... Nd6 {simplifies} 49. Rxb3 Nc4 50. Rxb5 Ke8) 49. Rb3 Ne3 50. Rxb2 Nc4 51. Rxb5 {[%emt 0:00:11] [#]} Ke8 $1 52. Kf2 Kd7 53. h4 Kc6 54. Rb4 Nxb6 (54... Rd7 $17) 55. cxb6 $15 Rxb6 56. Rf4 Rb7 57. Ke3 Kc5 58. Ra4 Rb3+ 59. Ke2 Rb2+ 60. Ke3 Rb3+ (60... Rxg2 $17 {And now ...Rb2 would win.} 61. Ra7 d4+ 62. Kd3 f5) 61. Ke2 $11 Rb7 62. Ke3 Rd7 63. g4 Rb7 64. Ra5+ Kc4 65. Ra4+ Kc3 66. Ra3+ Kc4 67. Ra4+ Kc5 (67... Kc3 $5 68. Ra3+ $8 Kc4 $11) 68. Ra5+ Kd6 69. Ra6+ Kc5 1/2-1/2

[Event "Chinese League Division-A 2024"]
[Site "Fuling Chongqing"]
[Date "2024.07.03"]
[Round "7.23"]
[White "Ma, Qun"]
[Black "Chu, Wei Chao"]
[Result "1/2-1/2"]
[ECO "B01"]
[WhiteElo "2643"]
[BlackElo "2412"]
[Annotator "TA"]
[PlyCount "71"]
[EventDate "2024.06.28"]
[EventType "team-tourn"]
[EventCountry "CHN"]
[SourceTitle "playchess.com"]
[Source "ChessBase"]
[SourceQuality "1"]
[TimeControl "40/5400+30:1800+30"]

1. e4 d5 2. exd5 Qxd5 3. Nc3 Qa5 4. d4 Nf6 5. Nf3 Bf5 6. Ne5 c6 7. Bc4 e6 8. g4 Bg6 9. f4 ({White should try} 9. h4 $14) 9... Nbd7 $11 {[%emt 0:05:49] aiming for ...Nxe5.} 10. Nxd7 Kxd7 11. Bd2 {[%emt 0:06:01][%cal Od4d5,Bc1d2,Bd2c3,Bc3e1,Be1h4][%mdl 32] Black is slightly better.} Bb4 12. O-O Rae8 13. a3 Bxc3 (13... Bd6 {feels hotter.} 14. Ne4 Qb6 15. Nc5+ Kc8) 14. Bxc3 Qc7 15. Be1 Kc8 16. c3 Qd7 17. Bh4 Ne4 18. Qe2 Nd6 (18... h5 $5 19. g5 $8 Nd6 $11) 19. Ba2 h5 {[%emt 0:00:13] [#] ...hxg4 would now be deadly.} 20. g5 Kb8 21. Rae1 Nf5 22. Qf2 Nd6 23. Qe2 {[%emt 0:00:58] Against Bd3} Nf5 24. Qf2 Nd6 25. Qf3 {[%emt 0:00:12] Prevents Bd3.} Bf5 26. h3 Nc8 27. Kh2 Ne7 28. Bc4 Qc7 29. b4 Ng6 30. Qf2 (30. Bf2 $1 $11 {remains equal.}) 30... Rc8 31. Re3 Qd6 32. Kg1 Ka8 (32... a5 $5) 33. Rf3 Be4 34. Re3 Bf5 35. Rf3 Be4 36. Re3 {[%emt 0:00:14] Weighted Error Value: White=0.10 (very precise) /Black=0.11 (very precise) .  Mistake:       	White=1     	---        Inaccurate:     	White=1     	Black=2      OK:         	White=14    	Black=10     Best:        	White=2     	---} 1/2-1/2

[Event "Chinese League Division-A 2024"]
[Site "Fuling Chongqing"]
[Date "2024.07.03"]
[Round "7.24"]
[White "Xiao, Yiyi"]
[Black "Lu, Miaoyi"]
[Result "0-1"]
[ECO "D02"]
[WhiteElo "2338"]
[BlackElo "2449"]
[Annotator "TA"]
[PlyCount "56"]
[EventDate "2024.06.28"]
[EventType "team-tourn"]
[EventCountry "CHN"]
[SourceTitle "playchess.com"]
[Source "ChessBase"]
[SourceQuality "1"]
[TimeControl "40/5400+30:1800+30"]

1. d4 d5 2. Bf4 Nf6 3. e3 e6 4. Nf3 c5 5. Nbd2 Nc6 6. c3 Nh5 7. Bb5 (7. Bg5 $11 Qb6 8. dxc5 Bxc5 9. b4) 7... Qb6 8. Qa4 Bd7 9. O-O {[%emt 0:11:41] Black is slightly better.} cxd4 10. cxd4 Nxf4 11. exf4 Bd6 12. f5 exf5 13. Rfe1+ Kf8 14. Bxc6 ({White should play} 14. Nb3) 14... Bxc6 $17 (14... Qxc6 15. Qb3 $15) 15. Qc2 g6 16. Ne5 Rc8 ({But not} 16... Qxd4 17. Ndf3 Qb6 18. Qc3 $17) 17. Qc3 Kg7 18. Nec4 Qc7 (18... dxc4 $19 {has better winning chances.} 19. d5+ f6) 19. Nxd6 Qxd6 20. Rac1 Bd7 21. Qd3 f4 22. Qb3 b6 23. Nb1 Rhe8 {[%emt 0:11:52][%cal Od6e7] Strongly threatening ...Qe7!} 24. a3 $2 {[%emt 0:06:51] [#]} (24. Nc3) 24... Rc4 $40 {[%emt 0:03:47][%mdl 128] Black is out for blood. White is weak on the light squares} 25. Red1 (25. Nd2 Rxe1+ (25... Rxd4 $2 26. Rxe8 Bxe8 27. Nf3 $17) 26. Rxe1 Rxd4 27. Nf3) 25... Ba4 $19 {[%emt 0:00:13] Black is clearly winning.} 26. Qf3 Bxd1 27. Rxd1 {[%emt 0:00:04] [#]} Rxd4 $3 28. Qc3 {[%emt 0:00:09] [#]} (28. Rf1 Qe5) 28... Qc5 $1 {[%emt 0:00:38] Weighted Error Value: White=0.59/Black=0.22 (precise) .  Mistake:       	White=3     	Black=2      Inaccurate:     	White=2     	---        OK:         	White=2     	Black=8      Best:        	---       	Black=2} 0-1

[Event "Chinese League Division-A 2024"]
[Site "Fuling Chongqing"]
[Date "2024.07.03"]
[Round "7.25"]
[White "Yan, Tianqi"]
[Black "Zhou, Shumeng"]
[Result "1/2-1/2"]
[ECO "C43"]
[WhiteElo "2306"]
[BlackElo "2173"]
[Annotator "RC"]
[PlyCount "97"]
[EventDate "2024.06.28"]
[EventType "team-tourn"]
[EventCountry "CHN"]
[SourceTitle "playchess.com"]
[Source "ChessBase"]
[SourceQuality "1"]
[TimeControl "40/5400+30:1800+30"]

1. e4 e5 2. Nf3 Nf6 3. d4 Nxe4 4. Bd3 d5 5. Nxe5 Nd7 6. Nxd7 Bxd7 7. Nd2 Nxd2 8. Bxd2 Bd6 9. O-O O-O 10. Qh5 f5 11. Bg5 Qe8 12. Qf3 c6 13. Rfe1 Qf7 14. Bf4 Bxf4 15. Qxf4 Rae8 16. c3 a6 17. h3 Re6 18. Re5 Rxe5 19. dxe5 Be6 20. a4 Qe7 21. Re1 Kh8 22. Qb4 Qxb4 23. cxb4 g5 24. Rc1 Kg7 25. f4 h6 26. Kf2 Kf7 27. Ke3 Ke7 28. b5 axb5 29. axb5 Bd7 30. Ra1 c5 31. Ra7 Rb8 32. b3 Be6 33. Kf3 Kd7 34. Ra1 Kc7 35. fxg5 hxg5 36. h4 gxh4 37. Rh1 c4 38. bxc4 dxc4 39. Bxc4 Bxc4 40. Rc1 Kd7 41. Rxc4 Ke6 42. Rxh4 Kxe5 43. Rh7 b6 44. Rc7 Rd8 45. Re7+ Kf6 46. Rh7 Ke5 47. Re7+ Kf6 48. Rh7 Ke5 49. Re7+ 1/2-1/2

[Event "Chinese League Division-A 2024"]
[Site "Fuling Chongqing"]
[Date "2024.07.03"]
[Round "7.26"]
[White "Chen, Qi b"]
[Black "Jiang, Haochen"]
[Result "1/2-1/2"]
[ECO "C47"]
[WhiteElo "2481"]
[BlackElo "2290"]
[Annotator "TA"]
[PlyCount "64"]
[EventDate "2024.06.28"]
[EventType "team-tourn"]
[EventCountry "CHN"]
[SourceTitle "playchess.com"]
[Source "ChessBase"]
[SourceQuality "1"]
[TimeControl "40/5400+30:1800+30"]

1. e4 e5 2. Nf3 Nc6 3. Nc3 Nf6 4. d4 exd4 5. Nxd4 Bb4 6. Nxc6 bxc6 7. Bd3 d5 8. Bd2 O-O 9. O-O Bxc3 10. Bxc3 dxe4 11. Bxf6 (11. Bc4 {is interesting.} Qd6 12. Re1 Re8 13. Bb3) 11... Qxf6 {[%emt 0:00:19] The position is equal.} 12. Bxe4 Qxb2 13. Bxc6 Ba6 14. Rb1 Qf6 15. Bxa8 Bxf1 16. Bd5 {[%emt 0:15:31] Dodges Bc4} Ba6 17. Qf3 Qxf3 18. gxf3 $11 {[%emt 0:02:07][%mdl 4096] Endgame. KRB-KRB} Rd8 19. Kg2 g6 20. c4 {[%emt 0:01:12] [#]} c6 $1 21. Bxc6 Bxc4 22. Rb4 Bxa2 {[%emt 0:02:39] White should prevent ...Rd6.} 23. Ra4 Be6 24. Rxa7 Rd6 25. Be4 Kg7 26. Ra5 Rb6 27. Bd5 h5 28. Bxe6 Rxe6 29. h3 Rd6 30. Rb5 ({Better is} 30. h4 $11) 30... Re6 ({Black should try} 30... Rd4 $1 $15) 31. Ra5 Rd6 (31... Re7 $11) 32. Rb5 $15 Re6 {[%emt 0:00:05] An even fight not without its subleties.   Weighted Error Value: White=0.06 (flawless) /Black=0.04 (flawless) .  Mistake:       	White=1     	Black=3      OK:         	White=12    	Black=10     Best:        	White=2     	Black=1} (32... Rd4 $1 $15) 1/2-1/2

[Event "Chinese League Division-A 2024"]
[Site "Fuling Chongqing"]
[Date "2024.07.03"]
[Round "7.27"]
[White "Wang, Zihang"]
[Black "Xu, Jun"]
[Result "1/2-1/2"]
[ECO "B51"]
[WhiteElo "2028"]
[BlackElo "2471"]
[Annotator "TA"]
[PlyCount "82"]
[EventDate "2024.06.28"]
[EventType "team-tourn"]
[EventCountry "CHN"]
[SourceTitle "playchess.com"]
[Source "ChessBase"]
[SourceQuality "1"]
[TimeControl "40/5400+30:1800+30"]

1. e4 c5 2. Nf3 d6 3. Bb5+ Nd7 4. d4 Ngf6 5. Nc3 cxd4 6. Qxd4 e5 7. Qd3 h6 8. a4 a6 9. Bc4 Nc5 10. Qe2 {[%emt 0:00:18] White is slightly better.} Be7 11. O-O Qc7 12. b3 O-O 13. Rd1 Be6 14. Nd2 Rac8 15. Bb2 Rfd8 16. a5 Bf8 17. Nd5 Nxd5 18. Bxd5 f5 19. Bxe6+ $16 Nxe6 20. exf5 Nf4 21. Qc4+ Qxc4 22. Nxc4 d5 23. Ne3 (23. Nxe5 $6 Rxc2 24. Bc1 Ne2+ 25. Kf1 Bb4 $11) (23. Bxe5 $16 {Threatens to win with Nb6.} dxc4 24. Bxf4) 23... Bc5 (23... d4 $14 24. Nc4 Bb4) 24. Bxe5 Bxe3 (24... Ne2+ $16 25. Kf1 Bxe3) 25. fxe3 $18 Ne2+ 26. Kf1 Rxc2 27. g4 (27. b4 $16) 27... h5 28. Re1 ({Much worse is} 28. gxh5 Rf8 29. f6 (29. Rxd5 Rxf5+ 30. Ke1 Ng1 $15) 29... gxf6 $14) (28. g5 {looks sharper.} Rf8 29. f6 gxf6 30. gxf6 Kf7 31. Rxd5 Ke6 32. e4) 28... Re8 29. Rxe2 Rxe2 30. Kxe2 Rxe5 $16 {[%emt 0:00:02][%mdl 4096] Endgame. KR-KR} 31. Rd1 (31. Ra4 $16 {Strongly threatening h3.} hxg4 32. Rxg4 Rxf5 33. Rd4) 31... hxg4 $11 {[%emt 0:00:15] The position is equal.} 32. Rd4 Rxf5 33. Rxg4 d4 34. exd4 Rxa5 35. Kd3 Rh5 36. h4 a5 37. Rf4 b5 38. Kc3 Kh7 39. Rg4 Kg8 40. Rf4 Kh7 41. Rg4 Kg8 {[%emt 0:01:41] Black defended with fortune.   Weighted Error Value: White=0.15 (very precise) /Black=0.15 (very precise) .  Mistake:       	White=3     	Black=4      Inaccurate:     	White=1     	Black=1      OK:         	White=12    	Black=17     Best:        	White=4     	Black=3} 1/2-1/2

[Event "Chinese League Division-A 2024"]
[Site "Fuling Chongqing"]
[Date "2024.07.03"]
[Round "7.28"]
[White "Wei, Yi"]
[Black "Xu, Pengmo"]
[Result "1-0"]
[ECO "B13"]
[WhiteElo "2755"]
[BlackElo "1834"]
[Annotator "TA"]
[PlyCount "71"]
[EventDate "2024.06.28"]
[EventType "team-tourn"]
[EventCountry "CHN"]
[SourceTitle "playchess.com"]
[Source "ChessBase"]
[SourceQuality "1"]
[TimeControl "40/5400+30:1800+30"]

1. e4 c6 2. d4 d5 3. exd5 cxd5 4. Bd3 Nc6 5. c3 Nf6 6. Bf4 Bg4 7. Qb3 Qc8 8. Nd2 e6 9. Ngf3 Be7 10. O-O Bh5 11. Rfe1 O-O 12. h4 Bg6 13. Bxg6 hxg6 14. a4 {[%emt 0:02:07] White has an edge.} Qd7 15. Ng5 Bd6 16. Bxd6 Qxd6 17. Ndf3 (17. Qxb7 Rab8 18. Qa6 Rxb2 $11) 17... Rae8 18. Re2 b6 19. Ne5 Ne7 20. Rae1 {[%emt 0:03:38] White is much more active.} Nf5 21. g3 Nh7 22. Ngf3 Qd8 23. Kg2 Nf6 24. Ng5 Qc7 25. Qb5 Rc8 26. Qd3 Nd6 {[%emt 0:04:15] [#]} (26... Qd8 $16) 27. Rh1 (27. Nxg6 $1 $18 Rfe8 (27... fxg6 $2 28. Nxe6 Qd7 29. Nxf8 $18) 28. Ne5) 27... Rfe8 $16 28. g4 Qb7 (28... Nfe4 $16 {was worth a try.}) 29. f3 $18 Rc7 {[%emt 0:01:54] [#]} 30. h5 $1 gxh5 31. Rxh5 {[%emt 0:00:09] Threatens to win with Rh1.} Nxh5 (31... Nde4 {keeps fighting.}) 32. Qh7+ Kf8 33. gxh5 {[%emt 0:02:02] h6 would now be deadly.} (33. Qxh5 b5 $18) 33... Qa6 34. Kf2 ({Less strong is} 34. Ng6+ fxg6 35. Qh8+ Ke7 36. Rxe6+ Kd7 37. Rxd6+ (37. Qxg7+ $2 {loses.} Kc6 $19) 37... Kxd6 $18) 34... Rec8 {[%emt 0:01:15] [#]} (34... Qxa4 $18 35. Qh8+ Ke7 36. Qxg7 Kd8) 35. Ng6+ $1 {[%emt 0:01:27][%mdl 512] A dynamic duo of knights.} Ke8 {[%emt 0:00:42] [#]} 36. Rxe6+ $1 {[%emt 0:00:05][%mdl 512] Weighted Error Value: White=0.08 (flawless) /Black=0.55.  Mistake:       	White=1     	Black=4      Inaccurate:     	White=1     	Black=3      OK:         	White=11    	Black=5      Best:        	White=1     	---        Strong:       	White=1     	---        Brilliant:      	White=1     	---} 1-0

[Event "Chinese League Division-A 2024"]
[Site "Fuling Chongqing"]
[Date "2024.07.03"]
[Round "7.29"]
[White "Zhao, Yunqing"]
[Black "Shen, Yang"]
[Result "0-1"]
[ECO "D23"]
[WhiteElo "1986"]
[BlackElo "2394"]
[Annotator "TA"]
[PlyCount "114"]
[EventDate "2024.06.28"]
[EventType "team-tourn"]
[EventCountry "CHN"]
[SourceTitle "playchess.com"]
[Source "ChessBase"]
[SourceQuality "1"]
[TimeControl "40/5400+30:1800+30"]

1. d4 d5 2. c4 c6 3. Nf3 Nf6 4. Qc2 dxc4 5. Qxc4 Bg4 6. Nbd2 e6 7. g3 Nbd7 8. Bg2 Be7 {[%emt 0:00:55] The position is equal.} 9. O-O O-O 10. Ne5 Bh5 11. Ndf3 Rc8 12. b4 Nb6 13. Qb3 Qd5 (13... Bxf3 {simplifies} 14. Nxf3 Qd5 15. Rb1 Qxb3 16. Rxb3 Ne4) 14. Rb1 Ng4 15. e3 Nxe5 16. Nxe5 Qxb3 17. Rxb3 f6 18. Bf3 Bxf3 (18... Be8 $5 19. Nd3 $8 Bf7 $11) 19. Nxf3 Rfd8 20. e4 Nc4 21. Be3 a6 22. Rd1 Kf7 23. Nd2 Nd6 24. Kf1 e5 25. Ke2 exd4 26. Bxd4 Nb5 27. Nf3 c5 (27... Bxb4 $5 28. Rxb4 c5 29. Rxb5 axb5 $11) 28. bxc5 Bxc5 29. Bxc5 {[%emt 0:00:23] [#] Rxd8 is the strong threat.} Rxd1 30. Kxd1 Rxc5 $11 {[%emt 0:00:16][%mdl 4096] Endgame. KRN-KRN} 31. Kd2 {[%emt 0:00:52] Repels Nc3} Rc4 32. e5 Ra4 33. Rb2 {[%emt 0:00:07] [#]} Ra3 $1 34. Ne1 fxe5 {[%emt 0:01:18] Black is more active.} 35. Nd3 e4 (35... Kf6 $142 36. Nc5 Kf5 37. Nxb7 Kg4) 36. Nc5 $17 Nd6 37. Ke2 ({White should try} 37. Ke1) 37... b5 38. Rd2 Ke7 39. Rc2 a5 40. Nb3 Nf5 41. Ke1 (41. Rd2 $17) 41... a4 $19 42. Nd2 Nd4 43. Rb2 e3 44. Nb1 exf2+ 45. Kxf2 (45. Rxf2 $142 Rd3 46. Rf4) 45... Rd3 46. Rd2 Rxd2+ {[%emt 0:01:11] Black is clearly winning.} 47. Nxd2 {[%emt 0:00:05] KN-KN} Ke6 48. Ke1 Kf5 {[%emt 0:03:03] Wards off Ne4} 49. h3 Ke5 50. Kd1 h5 51. Ke1 Nc2+ 52. Ke2 (52. Kd1 $142 Nd4 53. Ke1) 52... Kd4 {[%emt 0:00:48] Hoping for ...Nb4.} 53. Nb1 Nb4 54. a3 Nd5 55. Kd2 {[%emt 0:00:38] Prevents Nc3} Ne3 56. Ke2 Nc4 {[%emt 0:00:12][%cal Oc4a3] Strongly threatening ...Nxa3!} 57. g4 h4 {[%emt 0:01:43] Weighted Error Value: White=0.48/Black=0.09 (flawless) .  Mistake:       	White=3     	Black=1      Inaccurate:     	White=9     	Black=2      OK:         	White=13    	Black=19     Best:        	White=1     	Black=6      Strong:       	---       	Black=1} (57... hxg4 $142 58. hxg4 Nxa3 59. Nxa3 b4 60. Nb5+ Kc5) 0-1

[Event "Chinese League Division-A 2024"]
[Site "Fuling Chongqing"]
[Date "2024.07.03"]
[Round "7.30"]
[White "Guo, Qi"]
[Black "Du, Yuxin"]
[Result "0-1"]
[ECO "D35"]
[WhiteElo "2362"]
[BlackElo "1960"]
[Annotator "TA"]
[PlyCount "96"]
[EventDate "2024.06.28"]
[EventType "team-tourn"]
[EventCountry "CHN"]
[SourceTitle "playchess.com"]
[Source "ChessBase"]
[SourceQuality "1"]
[TimeControl "40/5400+30:1800+30"]

1. d4 Nf6 2. c4 e6 3. Nf3 d5 4. Nc3 Be7 5. cxd5 exd5 6. Bf4 Nh5 7. Be5 Nc6 8. h3 {[%emt 0:14:26] The position is equal.} Nxe5 9. dxe5 c6 10. e3 {[%emt 0:03:10] g4 would now be deadly.} g6 $1 11. Qc2 Ng7 12. O-O-O Qa5 13. Nd4 Ne6 14. Nb3 (14. Kb1 $11) 14... Qb6 15. g4 a5 16. Na4 ({White should try} 16. Nd4 $15) 16... Qa7 $17 17. Nd4 Nxd4 18. exd4 h5 19. Rg1 hxg4 20. hxg4 Bg5+ (20... b5 $15 21. Nc5 Bxc5 22. dxc5 Rh2) 21. Kb1 $14 Bd7 22. Qb3 (22. Nc5 $14 O-O-O 23. Rg3) 22... O-O-O (22... Be7 $11) 23. Be2 Be7 24. Nb6+ Kc7 25. Nxd7 Rxd7 (25... a4 {is more complex.} 26. Qf3 Kxd7 27. Qxf7 Rdf8) 26. f4 Rh2 27. Qf3 (27. Qe3 {keeps more tension.} Qb6 28. f5 a4 29. f6) 27... Rd8 28. f5 Rdh8 29. Rg2 Rxg2 (29... gxf5 {is interesting.} 30. gxf5 Qb6 31. e6 Ba3) 30. Qxg2 Qb6 31. Qg3 a4 32. f6 a3 33. b3 (33. fxe7 $2 Qxb2#) 33... Bf8 34. g5 Qb4 35. Bg4 Kb6 36. Kc2 Ka7 37. Bd7 Rh7 38. Be8 Qb6 {[%emt 0:00:30] [#]} (38... Qb5 $11 39. Qd3 Qa5) 39. e6 $1 $16 fxe6 40. Bxg6 Rc7 {[%emt 0:00:00] [#] Black is weak on the light squares} 41. Kb1 (41. Kd3 $1 $16 ) 41... c5 $14 42. Bc2 {[%emt 0:02:01] Black must now prevent g6.} cxd4 43. g6 (43. Qf4 $14 Rc3 44. Qxd4 (44. Rxd4 Qc5 $11) (44. g6 d3 $11) 44... Qxd4 45. Rxd4) 43... Qc5 $11 {[%emt 0:05:08] Really sharp!} 44. Rd2 {[%emt 0:17:21] Loses the game.} (44. Qd3 $11 {and White is okay.} e5 45. b4 Qxb4+ 46. Qb3) 44... Bh6 $40 {[%emt 0:04:20][%mdl 128] White is in trouble.} 45. g7 $2 {[%emt 0:00:27] [#]} (45. Qd3 $19 e5 (45... Bxd2 46. g7 $11) 46. Rd1) 45... Be3 $1 {[%emt 0:07:27] Black mates.} ({Weaker is} 45... Bxd2 46. Qd3 Bh6 (46... Qxc2+ $2 47. Qxc2 Rxc2 48. Kxc2 $18) 47. g8=Q $11 (47. g8=B {is a self mate.} Qb4 48. Ka1 Rxc2 49. Qxc2 Qe1+ 50. Qb1 Qc3+)) 46. Qxc7 Qxc7 47. Rd3 Qg3 48. Rd1 {[%emt 0:01:43] [#]} d3 $1 {[%emt 0:01:21] Weighted Error Value: White=0.33/Black=0.12 (very precise) .  Loses game:     	White=1     	---        Mistake:       	White=6     	Black=3      Inaccurate:     	White=4     	Black=3      OK:         	White=13    	Black=19     Best:        	White=2     	Black=6      Strong:       	---       	Black=2      Brilliant:      	White=1     	---} 0-1

[Event "Chinese League Division-A 2024"]
[Site "Fuling Chongqing"]
[Date "2024.07.04"]
[Round "8.1"]
[White "Yu, Yangyi"]
[Black "Jiang, Haochen"]
[Result "1-0"]
[ECO "D35"]
[WhiteElo "2715"]
[BlackElo "2290"]
[Annotator "TA"]
[PlyCount "79"]
[EventDate "2024.06.28"]
[EventType "team-tourn"]
[EventCountry "CHN"]
[SourceTitle "playchess.com"]
[Source "ChessBase"]
[SourceQuality "1"]
[TimeControl "40/5400+30:1800+30"]

1. d4 Nf6 2. c4 e6 3. Nf3 d5 4. Nc3 Be7 5. cxd5 exd5 6. Bf4 c6 7. Qc2 g6 8. e3 Bf5 9. Bd3 Bxd3 10. Qxd3 Nbd7 11. h4 Nf8 12. Be5 N8d7 13. Bf4 {[%emt 0:04:25] The position is equal.} Nf8 14. O-O-O Ne6 15. Be5 Bd6 16. Kb1 Rg8 {[%emt 0:15:16] [#]} (16... O-O $11) 17. Qc2 $1 $16 {[%emt 0:02:42] White is more active.} Be7 18. Bxf6 Bxf6 {[%emt 0:00:08] [#]} 19. e4 $1 Qa5 20. exd5 cxd5 21. Rhe1 Kf8 22. Qb3 Rd8 23. Qxb7 Kg7 {[%emt 0:11:06] ...Rb8 is the strong threat.} 24. Rxe6 Rb8 25. Ra6 $1 (25. Qxd5 $6 Qxd5 26. Nxd5 fxe6 $14) 25... Qxc3 26. bxc3 $40 {[%emt 0:00:17][%mdl 128] White wants a kill.} (26. Qxd5 $2 Qxb2#) 26... Rxb7+ 27. Kc2 Rgb8 28. Kd3 Rb2 29. Rf1 ({Resist} 29. Rxa7 $6 Rxf2 30. Rd2 Rxd2+ 31. Kxd2 Rb2+ 32. Ke3 Rc2 $14) 29... Re8 30. g4 Re4 31. g5 ({Much less strong is} 31. Rxa7 $6 Rxg4 32. Ne5 Bxe5 33. dxe5 Rxh4 $11) 31... Bd8 (31... Be7 $142) 32. Rxa7 $18 Rf4 $2 (32... Re7 33. Rxe7 Bxe7) 33. Ne5 {[%emt 0:01:14] White is clearly winning.} Rxh4 34. Nxf7 ({Less strong is} 34. Rxf7+ Kg8 $16) 34... Bb6 35. Rd7 Rh3+ 36. f3 Rhh2 37. Ne5+ Kf8 38. Rxd5 Bc7 39. Nd7+ Kf7 40. Nf6 {[%emt 0:00:00] Weighted Error Value: White=0.05 (flawless) /Black=0.32.  Mistake:       	---       	Black=3      Inaccurate:     	White=1     	Black=1      OK:         	White=14    	Black=7      Best:        	White=2     	Black=1      Strong:       	White=3     	---} 1-0

[Event "Chinese League Division-A 2024"]
[Site "Fuling Chongqing"]
[Date "2024.07.04"]
[Round "8.2"]
[White "Wang, Zihang"]
[Black "Li, Chao b"]
[Result "0-1"]
[ECO "B01"]
[WhiteElo "2028"]
[BlackElo "2645"]
[Annotator "TA"]
[PlyCount "90"]
[EventDate "2024.06.28"]
[EventType "team-tourn"]
[EventCountry "CHN"]
[SourceTitle "playchess.com"]
[Source "ChessBase"]
[SourceQuality "1"]
[TimeControl "40/5400+30:1800+30"]

1. e4 d5 2. exd5 Qxd5 3. Nc3 Qa5 4. d4 Nf6 5. Nf3 g6 6. Bd2 Bg7 7. Bc4 c5 8. Qe2 {[%emt 0:23:22] Strongly threatening Ng5. White is slightly better.} cxd4 9. Nxd4 Qb6 10. Nb3 O-O 11. O-O-O Nc6 12. Nb5 Ng4 13. f3 a6 (13... Nce5 {looks sharper.} 14. Bd5 Nf2 15. Be3 Nfd3+) 14. Nc3 Nf6 15. g4 Qc7 16. g5 Nh5 (16... Nd7 $1 $11) 17. Nd5 $16 Qe5 18. Qxe5 Bxe5 19. Na5 {[%emt 0:01:51] Threatens to win with Nxc6.} Ra7 20. Nxc6 bxc6 21. Nb4 Bd6 $1 22. Nxc6 Rc7 23. Bd5 (23. Na5 $11) 23... Nf4 $1 $17 24. Be4 {[%emt 0:00:22] [#]} (24. Bxf4 $142 Bxf4+ 25. Kb1) 24... Bb7 $1 25. Nd4 {[%emt 0:00:37] [#]} (25. Nb4 $17 a5 26. Bxb7 Rxb7 27. Nc6) 25... Bxe4 $1 $19 26. fxe4 Nd3+ 27. Kb1 {[%emt 0:00:11] This costs White the game.} Nf2 28. Rdf1 Nxh1 29. Rxh1 e5 30. Ne2 (30. Nb3 $17 {keeps fighting.}) 30... Rc4 31. Ng3 f5 {[%emt 0:00:25] And now ...f4 would win.} 32. gxf6 (32. b3 {was necessary.} Rc6 33. Ne2) 32... Rxf6 33. Bc3 (33. Be1 $142) 33... h5 34. Re1 Rf2 35. Nf1 Bb4 36. Bxb4 Rxb4 {[%emt 0:00:05][%mdl 4096] Endgame. KRR-KRN} 37. Kc1 Rd4 38. c3 Rd3 {[%emt 0:01:44] Black is clearly winning.} 39. a4 h4 40. a5 h3 41. c4 Rd4 42. Ne3 Rxh2 43. c5 Rf2 44. Rh1 Rf3 45. Nd5 Rc4+ {[%emt 0:01:15] Weighted Error Value: White=0.42/Black=0.12 (very precise) .  Loses game:     	White=1     	---        Mistake:       	White=6     	Black=1      Inaccurate:     	White=7     	Black=2      OK:         	White=8     	Black=15     Best:        	White=1     	Black=3      Strong:       	---       	Black=4} 0-1